 Dungeon Crawl Stone Soup version 0.29-a0-892-g2c4c91d9db (webtiles) character file.

Game seed: 7380042374178833268

625 frimble the Conjurer (level 7, -3/50 HPs)
             Began as a Demonspawn Hedge Wizard on July 23, 2022.
             Slain by Eustachio
             ... wielding a +1 rapier of electrocution
              (7 damage)
             ... on level 4 of the Dungeon.
             The game lasted 00:06:41 (5569 turns).

frimble the Conjurer (Demonspawn Hedge Wizard)      Turns: 5569, Time: 00:06:42

Health: -3/50      AC:  7    Str: 10    XL:     7   Next: 23%
Magic:  3/11       EV: 12    Int: 17    God:
Gold:   99         SH:  0    Dex: 13    Spells: 7/12 levels left

rFire   . . .      SeeInvis .   f - +2 dagger (speed)
rCold   . . .      Faith    .   (no shield)
rNeg    . . .      Spirit   .   b - +0 robe
rPois   +          Reflect  .   c - +2 hat
rElec   .          Harm     .   (no cloak)
rCorr   .          Rampage  .   q - +0 pair of gloves
Will    .....                   (no boots)
Stlth   ++........              g - amulet of magic regeneration
HPRegen 0.16/turn               s - ring of poison resistance
MPRegen 0.52/turn               (no ring)

@: very slightly contaminated
A: antennae 2, molten scales 1, ignite blood 1
a: no special abilities


You were on level 4 of the Dungeon.
You visited 1 branch of the dungeon, and saw 4 of its levels.

You collected 154 gold pieces.
You spent 55 gold pieces at shops.

Inventory:

Hand Weapons
 a - a +0 dagger
 f - a +2 dagger of speed (weapon)
Missiles
 p - 2 javelins
Armour
 b - a +0 robe (worn)
 c - a +2 hat (worn)
 q - a +0 pair of gloves (worn)
Jewellery
 g - an amulet of magic regeneration (around neck)
 s - a ring of poison resistance (left hand)
Wands
 u - a wand of paralysis (7)
Scrolls
 h - a scroll of teleportation
 m - 3 scrolls of poison
 r - 3 scrolls of identify
 t - a scroll of fear {unknown}
Potions
 d - a potion of magic
 e - a potion of ambrosia
 i - 3 potions of brilliance {unknown}
 j - 2 potions of invisibility {unknown}
 l - a potion of haste {unknown}
 n - 3 potions of degeneration {unknown}
 o - a potion of curing {unknown}


   Skills:
 - Level 2.1 Fighting
 - Level 3.2 Short Blades
 - Level 1.7 Dodging
 + Level 1.7 Stealth
 - Level 3.0 Spellcasting
 - Level 5.5 Conjurations
 - Level 1.0 Summonings
 - Level 0.8 Translocations
 - Level 2.6 Fire Magic


You had 7 spell levels left.
You knew the following spells:

 Your Spells              Type           Power      Damage    Failure   Level
a - Magic Dart            Conj           84%        1d7       1%          1
b - Sticky Flame          Conj/Fire      16%        2d4       32%         4

Your spell library contained the following spells:

 Spells                   Type           Power      Damage    Failure   Level
 Conjure Flame            Conj/Fire      16%        6-21      10%         3
 Slow                     Hex            8%         N/A       17%         1
 Call Imp                 Summ           5%         N/A       17%         2
 Blink                    Tloc           10%        N/A       19%         2
 Mephitic Cloud           Conj/Pois/Air  8%         N/A       24%         3
 Sublimation of Blood     Necr           2%         N/A       26%         2
 Ignite Poison            Fire/Tmut/Pois 5%         N/A       36%         3
 Irradiate                Conj/Tmut      5%         3d13      83%         5
 Petrify                  Tmut/Erth      2%         N/A       86%         4


Dungeon Overview and Level Annotations

Branches:
Dungeon (4/15)
 Temple: D:4-7

Altars:

Shops:
D:1 *

Annotations:
D:4 Eustachio


Innate Abilities, Weirdness & Mutations

You have a pair of antennae on your head.
You are partially covered in molten scales. (AC +2)
Your demonic aura sometimes causes spilled blood to erupt in flames.


Message History

You hit Eustachio but do no damage.
Eustachio is moderately wounded.
Eustachio burns!
Eustachio closely misses you.
You hit Eustachio but do no damage.
Eustachio is moderately wounded.
You completely miss Eustachio. Your punch misses Eustachio.
Eustachio is moderately wounded.
Eustachio burns!
Eustachio hits you with a +1 rapier of electrocution.
You are electrocuted!!
* * * LOW HITPOINT WARNING * * *
You barely miss Eustachio.
Eustachio is heavily wounded.
Eustachio burns!
Eustachio stops burning.
Eustachio hits you with a +1 rapier of electrocution.
* * * LOW HITPOINT WARNING * * *
You are electrocuted!
* * * LOW HITPOINT WARNING * * *
You barely miss Eustachio.
Eustachio is heavily wounded.
You feel much better.
Eustachio mumbles some strange words.
Casting: Sticky Flame (quite dangerous; 32% risk of failure)
Confirm with . or Enter, or press ? or * to list all spells.
The spell is quite dangerous to miscast (32% risk of failure)!
Continue anyway?
Aiming: Sticky Flame (quite dangerous; 32% risk of failure)
Press: ? - help, Shift-Dir - straight line, f/p - Eustachio
Aim: Eustachio, wielding a +1 rapier of electrocution and wearing a +0 leather armour (heavily wounded, 100% to hit)
The sticky flame hits Eustachio.
Eustachio is heavily wounded.
Eustachio is covered in liquid flames!
Eustachio burns!
Eustachio misses you.
The shadow imp lashes its tail.
You hit Eustachio.
Eustachio is severely wounded.
Eustachio burns!
The iron imp barely misses you. Eustachio hits you but does no damage.
You are electrocuted!
* * * LOW HITPOINT WARNING * * *
Eustachio attacks as you move away!
Eustachio hits you with a +1 rapier of electrocution!
You die...

# ## #.# .### ... #.#
..# # ... ..# ##.#
.### #... ..# ##..##
..##... #.# #....##
#.5... ..##
##..#..###5g.#... #.#
..)###.###...##5@#
...## #..## ......##
##...#.@# #...##....#
##.....#
#......###[........##
#.....#
##..#....##.........##
#......#
#.####..............##
#..#.....?#..#
##..............#
#...........##
#..........##...
....#####..#
#............... ..##
##.# ##.[.............
#. #..
#................


You could see Eustachio (burning), 2 iron imps, a shadow imp (summoned) and a
goblin.

Vanquished Creatures
  A phantom (D:4)
  A necrophage (D:4)
  3 scorpions
  2 hounds (D:4)
  Natasha (thrice) (D:4)
  2 orc wizards (D:3)
  3 adders
  An ufetubus (D:4)
  A worm (D:4)
  2 dart slugs
  7 orcs
  9 endoplasms
  4 giant cockroaches
  9 hobgoblins
  3 jackals (D:1)
  4 kobolds (D:2)
  4 quokkas
  7 ball pythons
  10 bats
  5 frilled lizards
  8 goblins
  3 rats
92 creatures vanquished.

Notes
Turn   | Place    | Note
-------+----------+-------------------------------------------
     0 | D:1      | frimble the Demonspawn Hedge Wizard began the quest for the
                  | Orb.
     0 | D:1      | Reached XP level 1. HP: 13/13 MP: 4/4
   413 | D:1      | Reached skill level 2 in Conjurations
   668 | D:1      | Gained mutation: You are partially covered in molten
                  | scales. (AC +2) [demonic ancestry]
   668 | D:1      | Reached XP level 2. HP: 19/19 MP: 1/6
  1116 | D:1      | Found Zashih's General Store.
  1126 | D:1      | Bought a potion of heal wounds for 55 gold pieces
  1334 | D:1      | Reached skill level 3 in Conjurations
  1334 | D:1      | Gained mutation: You have a pair of small antennae on your
                  | head. [demonic ancestry]
  1334 | D:1      | Reached XP level 3. HP: 12/24 MP: 4/7
  1850 | D:2      | Found a faded altar of an unknown god.
  2084 | D:2      | Noticed a scorpion
  2784 | D:3      | Reached skill level 1 in Short Blades
  2784 | D:3      | Gained mutation: Your demonic aura sometimes causes spilled
                  | blood to erupt in flames. [demonic ancestry]
  2784 | D:3      | Reached XP level 4. HP: 10/30 MP: 8/8
  3542 | D:2      | Killed a scorpion
  3543 | D:2      | Reached skill level 4 in Conjurations
  3543 | D:2      | Reached XP level 5. HP: 21/35 MP: 9/9
  4649 | D:4      | Learned a level 4 spell: Sticky Flame
  4669 | D:4      | Noticed Natasha
  4687 | D:4      | Killed Natasha
  5001 | D:4      | Reached skill level 1 in Fire Magic
  5001 | D:4      | Reached XP level 6. HP: 35/41 MP: 1/10
  5104 | D:4      | Noticed Natasha
  5116 | D:4      | Killed Natasha
  5178 | D:4      | Reached skill level 5 in Conjurations
  5205 | D:4      | Reached skill level 1 in Fighting
  5216 | D:4      | Noticed Natasha
  5221 | D:4      | Killed Natasha
  5310 | D:4      | Noticed Eustachio
  5339 | D:4      | Gained mutation: You have a pair of antennae on your head.
                  | [demonic ancestry]
  5339 | D:4      | Reached XP level 7. HP: 29/49 MP: 11/11
  5569 | D:4      | Slain by Eustachio

Illustrated notes

Levels and vault maps discovered:
D:1:      lightli_arrival_chessboard, layout_loops_ring, serial_shops,
          nicolae_square_shop, minmay_hexomino_p4
D:2:      layout_loops_corners, basic_ecumenical_altar
D:3:      layout_loops_corners
D:4:      layout_layer_cave, minmay_misc_feat_plants,
          dilly_guarded_unrand_devastator, uniq_natasha, uniq_eustachio

Skill      XL: |  1  2  3  4  5  6  7 |
---------------+----------------------+-----
Conjurations   | 2 3 4 5 |  5.5
Short Blades   | 1 2 3 |  3.2
Fire Magic     | 1 2 |  2.6
Fighting       | 1 2 |  2.1
Dodging        | |  1.7
Stealth        | |  1.7
Spellcasting   | |  3.0
Summonings     | |  1.0
Translocations | |  0.8

Action                   |  1- 3 |  4- 6 |  7- 9 || total
-------------------------+-------+-------+-------++-------
Melee: Dagger            |    65 |   192 |    23 ||   280
 Cast: Magic Dart        |    88 |    36 |     1 ||   125
       Sticky Flame      |       |     4 |     3 ||     7
Evoke: Wand              |       |     1 |       ||     1
  Use: Scroll            |     5 |     3 |       ||     8
       Potion            |       |     1 |     1 ||     2
 Stab: Sleeping          |     3 |     3 |       ||     6
       Paralysed         |       |     2 |       ||     2
Armor: Robe              |    23 |    59 |     3 ||    85
Dodge: Dodged            |    34 |    88 |     7 ||   129

Table legend: (Time is in decaauts)
 A = Elapsed time spent in this place.
 B = Non-inter-level travel time spent in this place.
 C = Inter-level travel time spent in this place.
 D = Time resting spent in this place.
 E = Time spent auto-exploring this place.
 F = Levels seen in this place.
 G = Mean time per level.
                   A        B        C        D        E       F      G
               +--------+--------+--------+--------+--------+-----+--------+
         Total |   5473 |   5149 |    324 |      0 |   4503 |   4 | 1368.2 |
       Dungeon |   5473 |   5149 |    324 |      0 |   4503 |   4 | 1368.2 |
               +--------+--------+--------+--------+--------+-----+--------+

Top non-repeatable levels by time:
     D:1: 1745 daAuts
     D:3: 1376 daAuts
     D:2: 1283 daAuts
     D:4: 1067 daAuts
